 Dungeon Crawl Stone Soup version 0.31-a0-978-g1e143483b6 (webtiles) character file.

Game seed: 356114943408766953

690 ytrimaz the Ruffian (level 7, -1/35 (36) HPs)
             Began as a Demonspawn Shapeshifter on Oct 30, 2023.
             Slain by a wight
             ... wielding a +0 great sword
              (16 damage)
             ... in an ossuary.
             The game lasted 00:05:51 (4372 turns).

ytrimaz the Ruffian (Demonspawn Shapeshifter)       Turns: 4372, Time: 00:05:52

HP:   -1/35 (36)    AC:  2    Str: 14 (15) XL:     7   Next: 36%
MP:   7/7           EV: 15    Int: 10 (11) God:
Gold: 262           SH:  0    Dex: 12 (14) Spells: 6/6 levels left

rFire   . .          .
                       - Unarmed
rCold   . . .        (shield currently unavailable)
rNeg    . . .        a - +0 animal skin
rPois   .            (helmet restricted)
rElec   .            (no cloak)
rCorr   .            (no gloves)
SInv    .            (no boots)
Will    .....        (no amulet)
Stlth   +            (no ring)
HPRegen 0.25/turn    (no ring)
MPRegen 0.10/turn

%: no passive effects
@: about to teleport, flux-form, glowing, lightly drained
A: glow, contaminating, reduced hp, horns 1, repulsion field 1, ignite blood 1,
powered by death 1
a: Begin Untransformation


You were in an ossuary.
You were something dangerously unstable.
You visited 1 branch of the dungeon, and saw 5 of its levels.
You also visited: Ossuary.

You collected 262 gold pieces.


Innate Abilities, Weirdness & Mutations

You are something dangerously unstable.
You glow with magical radiation, making you easy to see and hit.
Foes you strike become dangerously contaminated with magical radiation.
Your maximum health is decreased, since you lack skill for your form.
You are incapable of wielding weapons or throwing items.
You have a pair of small horns on your head.
You are surrounded by a mild repulsion field. (EV +2)
Your demonic aura sometimes causes spilled blood to erupt in flames.
You regenerate a little health from kills.


   Skills:
 - Level 1.0 Fighting
 + Level 4.6 Dodging
 + Level 5.0 Unarmed Combat
 + Level 4.7 Shapeshifting


You had 6 spell levels left.
You didn't know any spells.
Your spell library contained the following spells:

 Spells                   Type           Power      Damage    Failure   Level
 Slow                     Hex            0%         N/A       36%         1
 Summon Small Mammal      Summ           0%         N/A       36%         1
 Blink                    Tloc           0%         N/A       50%         2
 Lesser Beckoning         Tloc           0%         N/A       50%         2
 Momentum Strike          Conj/Tloc      0%         3d8       50%         2
 Call Canine Familiar     Summ           0%         N/A       75%         3
 Confusing Touch          Hex            0%         N/A       75%         3
 Sigil of Binding         Hex            0%         N/A       75%         3
 Summon Guardian Golem    Hex/Summ       0%         N/A       75%         3
 Vampiric Draining        Necr           0%         2d6       75%         3

Inventory:

Armour
 a - a +0 animal skin (worn)
Jewellery
 r - a ring of magical power
   (You found it on level 4 of the Dungeon)
Talismans
 c - a beast talisman
 d - a flux talisman (active)
 o - a maw talisman
   (You found it on level 3 of the Dungeon)
Wands
 t - a wand of roots (9) (quivered)
   (You found it in an ossuary)
Scrolls
 b - a scroll of acquirement {unknown}
 f - 8 scrolls of identify
 g - a scroll of fear {unknown}
 i - 2 scrolls of fog {unknown}
 j - a scroll of poison {unknown}
 l - a scroll of torment {unknown}
 m - a scroll of teleportation
 n - a scroll of enchant weapon {unknown}
 s - a scroll of noise {unknown}
Potions
 e - 2 potions of heal wounds
 h - 6 potions of curing
 k - a potion of brilliance

Dungeon Overview and Level Annotations

Branches:
Dungeon (5/15) Zot: 26274 Ossuary (1/1) Zot: 5341
 Temple: D:4-7

Altars:
Cheibriados
Gozag
Qazlal
Sif Muna
Uskayaw
Wu Jian

Annotations:
D:4 1 runed translucent door, Crazy Yiuf

#.###.###.###.#
#.............#
#.............#
#.###...!.###.#
#.#z#.W...#z#.#
#.###.?...###.#
#.............#
#.zĀ°..........#
#p###.###.###.#
#.#.#.#z#.#.#.#
#.'##.###.##'.#
#.............#
#######'#######
#.# ###.###
#Wā–“.ā–“z#
###.###


You could see a wraith, a flying skull and a wight.


Message History

You take 11 damage, and now have 24/35 hp.
MASSIVE DAMAGE!! (PAUSE)
You hit the wraith.
The wraith shudders as magic cascades through it.
The wraith hits you. The wraith drains your vigour!
You feel yourself slow down. šŸ˜® HP[-6]
You take 6 damage, and now have 18/35 hp.
You hit the wraith but do no damage.
The wraith begins to glow.
The wraith hits you.
* * * LOW HITPOINT WARNING * * *
The wraith drains your vigour!
You feel as though you will be slow longer. šŸ˜Ø HP[-1]
You take 1 damage, and now have 17/35 hp.
Unknown command.
You hit the wraith but do no damage.
The wraith glows dangerously bright.
The wraith misses you. šŸ˜® HP[+1]
You hit the wraith but do no damage.
The wraith shudders as magic cascades through it!
The wraith hits you.
* * * LOW HITPOINT WARNING * * *
The wraith completely misses you. šŸ˜Ø HP[-2]
You take 2 damage, and now have 16/35 hp.
You hit the wraith but do no damage.
The wraith begins to glow.
You headbutt the wraith, but do no damage.
The wraith hits you!
* * * LOW HITPOINT WARNING * * *
The wraith drains your vigour!
You feel as though you will be slow longer. šŸ˜Ø HP[-7]
You take 7 damage, and now have 9/35 hp.
You hit the wraith but do no damage.
The wraith glows dangerously bright.
The wraith misses you. šŸ˜Ø HP[+1] Unknown command.
You hit the wraith.
The wraith shudders as magic cascades through it.
The wraith barely misses you. x2
You hit the wraith.
The wraith begins to glow.
You headbutt the wraith, but do no damage.
The wraith misses you.
You hit the wraith.
The wraith glows dangerously bright.
The wraith hits you!
* * * LOW HITPOINT WARNING * * *
šŸ˜± HP[-7]
You take 7 damage, and now have 3/35 hp.
Unknown command.
You hit the wraith but do no damage.
The wraith shudders as magic cascades through it.
You destroy the wraith!
You feel your strength returning.
Your Unarmed Combat skill increases to level 5! šŸ˜± HP[+1]
You now have 36 max hp (+1).
There is an open door here. šŸ˜± HP[+2]
You regained 2 hp, and now have 6/36 hp. šŸ˜± HP[+1]
There is an open door here.
You close the door. šŸ˜± HP[+1]
You start resting.
You feel yourself speed up. šŸ˜Ø HP[+6]
You regained 6 hp, and now have 14/36 hp.
Unknown command.
You start resting. šŸ˜Ž HP[+22]
Your hp is fully restored (36).
Unknown command.
You start waiting.
You open the door.
Unknown command.
There is an open door here.
The flying skull gives a hideous shriek!
There is an open door here.
The flying skull gives a hideous shriek!
The flying skull gives a hideous shriek!
g - a scroll labelled VUKLOLUGI AWAR A wight is nearby!
You see here a potion of curing.
You see here a potion of heal wounds.
e - 2 potions of heal wounds (gained 1)
You see here a potion of curing.
h - 6 potions of curing (gained 1)
You see here a scroll labelled FINEAX MUHEE.
The wight attacks as it pursues you! The wight completely misses you.
The wight hits you with a +0 great sword!
You feel drained.
* * * LOW HITPOINT WARNING * * *
šŸ˜Ø HP[-22]
You now have 35 max hp (-1).
You take 22 damage, and now have 14/35 hp.
MASSIVE DAMAGE!! (PAUSE)
As you read the scroll of teleportation, it crumbles to dust.
You feel strangely unstable.
The wight hits you with a +0 great sword!
You die...

Skill      XL: |  1  2  3  4  5  6  7 |
---------------+----------------------+-----
Dodging        | 2 3 4 |  4.6
Unarmed Combat | 3 4 5 |  5.0
Shapeshifting  | 3 4 |  4.7
Fighting       | |  1.0

Action                     |  1- 3 |  4- 6 |  7- 9 || total
---------------------------+-------+-------+-------++-------
  Melee: Unarmed           |   129 |   208 |    12 ||   349
         Punch             |     3 |     5 |       ||     8
         Headbutt          |       |    35 |     2 ||    37
         Maw               |       |     2 |       ||     2
  Evoke: Wand              |       |     1 |       ||     1
    Use: Potion            |       |     8 |       ||     8
         Scroll            |       |     4 |     1 ||     5
   Stab: Sleeping          |       |     8 |       ||     8
 Armour: Animal skin       |    66 |    70 |     8 ||   144
         Skin              |       |    44 |       ||    44
  Dodge: Dodged            |    99 |   129 |     9 ||   237
   Form: Beast             |       |     1 |       ||     1
         Maw               |       |     1 |       ||     1
         Flux              |       |       |     1 ||     1

Levels and vault maps discovered:
D:1:      elethiomel_arrival_infinity_welcomes_careful_drivers, layout_basic
D:2:      minmay_kobold_bridge, layout_basic
D:3:      minmay_angry_zag, layout_basic, gammafunk_temple_overflow_pools,
          mainiacjoe_overflow_swirl
D:4:      layout_cave_pools, jmf_multi_god_temple,
          mainiacjoe_overflow_small_starburst, uniq_crazy_yiuf_cottage
D:5:      layout_basic, mainiacjoe_overflow_paths, nicolae_ashenzari_skybound,
          enter_ossuary_3, nzn_random_ring, uniq_menkaure, uniq_grinder,
          uniq_eustachio, uniq_duvessa
Ossuary:  ossuary_due_cavern

Notes
Turn   | Place    | Note
-------+----------+-------------------------------------------
     0 | D:1      | ytrimaz the Demonspawn Shapeshifter began the quest for the
                  | Orb.
     0 | D:1      | Reached XP level 1. HP: 15/15 MP: 1/1
     0 | D:1      | magus.rc [v1.9.6]
   263 | D:1      | Reached skill level 2 in Dodging
   263 | D:1      | Gained mutation: Your demonic aura sometimes causes spilled
                  | blood to erupt in flames. [demonic ancestry]
   263 | D:1      | Reached XP level 2. HP: 17/21 MP: 2/2
   322 | D:1      | Reached skill level 3 in Unarmed Combat
   630 | D:1      | Reached skill level 3 in Shapeshifting
   985 | D:2      | Gained mutation: You are surrounded by a mild repulsion
                  | field. (EV +2) [demonic ancestry]
   985 | D:2      | Reached XP level 3. HP: 22/26 MP: 3/3
  1127 | D:2      | You pick up a book of Callings and begin reading...
  1127 | D:2      | You add the spells Summon Small Mammal, Call Canine
                  | Familiar and Summon Guardian Golem to your library.
  1134 | D:2      | You pick up a book of Debilitation and begin reading...
  1134 | D:2      | You add the spells Slow, Sigil of Binding, Vampiric
                  | Draining and Confusing Touch to your library.
  1570 | D:2      | Reached XP level 4. HP: 24/32 MP: 4/4
  1760 | D:3      | Reached skill level 3 in Dodging
  1761 | D:3      | HP: 7/32 [orc/+0 flail (6)]
  1766 | D:3      | HP: 5/48 [orc/+2 dagger of speed (1)]
  1780 | D:3      | HP: 6/48 [orc/+0 whip (1)]
  1952 | D:3      | Gained mutation: You have a pair of small horns on your
                  | head. [demonic ancestry]
  1952 | D:3      | Reached XP level 5. HP: 37/37 MP: 5/5
  2119 | D:3      | HP: 2/37 [orc priest/nerve-wracking pain (14)]
  2121 | D:3      | Reached skill level 4 in Unarmed Combat
  2261 | D:3      | Found an ornate altar of the Wu Jian Council.
  2320 | D:3      | Found an opulent altar of Gozag.
  2844 | D:3      | Found a hide-covered altar of Uskayaw.
  2892 | D:3      | Gained mutation: You regenerate a little health from kills.
                  | [demonic ancestry]
  2892 | D:3      | Reached XP level 6. HP: 43/43 MP: 6/6
  2958 | D:4      | Found a stormy altar of Qazlal.
  3160 | D:4      | Reached skill level 4 in Shapeshifting
  3285 | D:4      | Found a shimmering blue altar of Sif Muna.
  3286 | D:4      | Found a snail-covered altar of Cheibriados.
  3590 | D:4      | Found a runed translucent door.
  3591 | D:4      | Noticed Crazy Yiuf
  3616 | D:5      | Entered Level 5 of the Dungeon
  3693 | D:5      | Reached skill level 4 in Dodging
  3733 | D:5      | Found a sand-covered staircase.
  3737 | D:5      | You pick up a book of Spatial Translocations and begin
                  | reading...
  3737 | D:5      | You add the spells Blink, Momentum Strike and Lesser
                  | Beckoning to your library.
  3744 | Ossuary  | Entered an ossuary
  3917 | Ossuary  | Noticed a wraith
  3917 | Ossuary  | Noticed a flying skull
  3924 | Ossuary  | Noticed a flying skull
  3926 | Ossuary  | Noticed a flying skull
  3929 | Ossuary  | Noticed a wraith
  3936 | Ossuary  | HP: 4/43 [wraith (7)]
  3940 | Ossuary  | Noticed a flying skull
  3957 | Ossuary  | Noticed a wraith
  3969 | Ossuary  | Noticed a flying skull
  4037 | Ossuary  | Reached XP level 7. HP: 18/48 MP: 7/7
  4163 | Ossuary  | HP: 3/35 [wraith (8)]
  4164 | Ossuary  | Killed a wraith
  4165 | Ossuary  | Reached skill level 5 in Unarmed Combat
  4372 | Ossuary  | Slain by a wight

Vanquished Creatures
  A wraith (Ossuary)
  A black bear (D:5)
  2 wights (Ossuary)
  2 orc priests (D:3)
  3 iguanas
  2 orc wizards (D:3)
  A gnoll (D:1)
  5 adders
  2 adder zombies (Ossuary)
  5 worms
  2 dart slugs
  10 orcs (D:3)
  13 ball pythons
  8 endoplasms
  4 giant cockroaches
  7 goblins
  6 hobgoblins
  4 jackals (D:1)
  A quokka (D:2)
  A ball python skeleton (Ossuary)
  3 bats
  2 frilled lizards
  A hobgoblin skeleton (Ossuary)
  A hobgoblin zombie (Ossuary)
  9 kobolds
  A kobold zombie (Ossuary)
  2 orc skeletons (Ossuary)
  2 orc zombies
  6 rats
107 creatures vanquished.

Table legend:
 A = Non-vault XP
 B = Vault XP
 C = Vault XP percentage of total XP
 D = Non-vault monster count
 E = Vault monster count
 F = Vault count percentage of total count
                 A         B        C        D         E       F
            +---------+---------+-------+---------+---------+-------
      Total |     568 |     419 |  42.5 |      80 |      27 |  25.2
            +---------+---------+-------+---------+---------+-------
        D:1 |      39 |       0 |   0.0 |      15 |       0 |   0.0
        D:2 |      60 |       5 |   7.7 |      21 |       4 |  16.0
        D:3 |     253 |      24 |   8.7 |      28 |       8 |  22.2
        D:4 |      90 |      37 |  29.1 |      15 |       2 |  11.8
        D:5 |     126 |       1 |   0.8 |       1 |       1 |  50.0
    Ossuary |       0 |     352 | 100.0 |       0 |      12 | 100.0
            +---------+---------+-------+---------+---------+-------

Skill      XL: |  1  2  3  4  5  6  7 |
---------------+----------------------+-----
Dodging        | 2 3 4 |  4.6
Unarmed Combat | 3 4 5 |  5.0
Shapeshifting  | 3 4 |  4.7
Fighting       | |  1.0

Action                     |  1- 3 |  4- 6 |  7- 9 || total
---------------------------+-------+-------+-------++-------
  Melee: Unarmed           |   129 |   208 |    12 ||   349
         Punch             |     3 |     5 |       ||     8
         Headbutt          |       |    35 |     2 ||    37
         Maw               |       |     2 |       ||     2
  Evoke: Wand              |       |     1 |       ||     1
    Use: Potion            |       |     8 |       ||     8
         Scroll            |       |     4 |     1 ||     5
   Stab: Sleeping          |       |     8 |       ||     8
 Armour: Animal skin       |    66 |    70 |     8 ||   144
         Skin              |       |    44 |       ||    44
  Dodge: Dodged            |    99 |   129 |     9 ||   237
   Form: Beast             |       |     1 |       ||     1
         Maw               |       |     1 |       ||     1
         Flux              |       |       |     1 ||     1

Illustrated notes

Table legend:
 A = Kills in this place as a percentage of kills in the entire game.
 B = Kills by you in this place as a percentage of kills by you in the entire game.
 C = Kills by friends in this place as a percentage of kills by friends in the entire game.
 D = Other kills in this place as a percentage of other kills in the entire game.
 E = Experience gained in this place as a percentage of experience gained in the entire game.
 F = Experience gained in this place divided by the number of levels of this place that you have seen.
                   A       B       C       D       E      F
               +-------+-------+-------+-------+-------+----------------------
         Total | 100.0 | 100.0 |   N/A |   N/A | 100.0 | 164.5
       Dungeon |  88.8 |  88.8 |   N/A |   N/A |  64.3 | 127.0
       Ossuary |  11.2 |  11.2 |   N/A |   N/A |  35.7 | 352.0
               +-------+-------+-------+-------+-------+----------------------

Table legend: (Time is in decaauts)
 A = Elapsed time spent in this place.
 B = Non-inter-level travel time spent in this place.
 C = Inter-level travel time spent in this place.
 D = Time resting spent in this place.
 E = Time spent auto-exploring this place.
 F = Levels seen in this place.
 G = Mean time per level.
                   A        B        C        D        E       F      G
               +--------+--------+--------+--------+--------+-----+--------+
         Total |   4382 |   4313 |     69 |    282 |   3104 |   6 |  730.3 |
       Dungeon |   3725 |   3656 |     69 |      0 |   2955 |   5 |  745.0 |
       Ossuary |    657 |    657 |      0 |    282 |    149 |   1 |  657.0 |
               +--------+--------+--------+--------+--------+-----+--------+

Top non-repeatable levels by time:
     D:3: 1212 daAuts
     D:1: 958 daAuts
     D:2: 755 daAuts
     D:4: 672 daAuts
 Ossuary: 657 daAuts
     D:5: 127 daAuts
